 Dungeon Crawl Stone Soup version 0.31-a0-960-g0fca184906 (webtiles) character file.

Game seed: 2057855909925474217

57592 Ekaitz the Thaumaturge (level 14, -13/70 HPs)
             Began as a Deep Elf Earth Elementalist on Oct 23, 2023.
             Was a High Priest of Sif Muna.
             Shot with an arrow by a centaur warrior (14 damage)
             ... on level 2 of the Orcish Mines.
             The game lasted 01:47:51 (24297 turns).

Ekaitz the Thaumaturge (DEEE)                      Turns: 24297, Time: 01:47:52

Health: -13/70     AC: 10    Str:  9    XL:     14   Next: 46%
Magic:  21/42      EV: 17    Int: 22    God:    Sif Muna [*****.]
Gold:   1841       SH:  0    Dex: 15    Spells: 5/39 levels left

rFire   + . .        r - staff of earth
rCold   + . .        (no shield)
rNeg    . . .        Y - +0 troll leather armour
rPois   +            S - +2 hat
rElec   +            E - +0 cloak
rCorr   +            g - +0 pair of gloves "Wunio" {Rampage rElec}
SInv    +            i - +2 pair of boots {rampage}
Will    +....        J - amulet of regeneration
Stlth   ++++         s - ring of magical power
HPRegen 1.91/turn    C - ring of see invisible
MPRegen 0.28/turn

%: rampage
@: resistant, on blink cooldown, studying 2 skills
A: no striking features
a: Renounce Religion, Channel Magic, Forget Spell, Divine Exegesis


You were on level 2 of the Orcish Mines.
You worshipped Sif Muna.
Sif Muna was extremely pleased with you.
You visited 4 branches of the dungeon, and saw 19 of its levels.
You also visited: Sewer and Gauntlet.

You collected 1841 gold pieces.

Inventory:

Hand Weapons
 c - a +1 scimitar of flaming
 f - a +0 dagger of electrocution
 v - a +4 dagger of chaos
 U - a +2 longbow of draining
 W - a +1 dagger of venom
Missiles
 j - 46 poisoned darts
 y - 2 throwing nets
 L - 3 datura-tipped darts
Armour
 g - the +0 pair of gloves "Wunio" (worn) {Rampage rElec}
   (You found it on level 5 of the Lair of Beasts)

   rElec:     It insulates you from electricity.
   Rampage:   It bestows one free step when moving towards enemies.
 i - a +2 pair of boots of rampaging (worn)
 E - a +0 cloak (worn)
 Q - the +2 scale mail "Sabihior" {Will++}
   (You found it on level 5 of the Lair of Beasts)

   Will++:    It greatly increases your willpower.
 S - a +2 hat (worn)
 X - a +0 kite shield
 Y - a +0 troll leather armour (worn)
Magical Staves
 r - a staff of earth (weapon)
 u - a staff of cold
Jewellery
 b - the ring "Toihos" {Contam rElec Str+4 Dex+6}
   (You found it in a Gauntlet)

   [ring of dexterity]

   Str+4:     It affects your strength (+4).
   Dex+6:     It affects your dexterity (+6).
   rElec:     It insulates you from electricity.
   Contam:    It causes magical contamination when unequipped.
 l - the ring of Rumner {Ice Int-4 Dex+3 Slay+3}
   (You found it in a Gauntlet)

   [ring of ice]

   Ice:       It enhances your ice magic.
   Int-4:     It affects your intelligence (-4).
   Dex+3:     It affects your dexterity (+3).
   Slay+3:    It affects your accuracy & damage with ranged weapons and melee
   (+3).
   rF-:       It makes you vulnerable to fire.
   rC+:       It protects you from cold.
 n - a ring of magical power
 s - a ring of magical power (left hand)
 C - a ring of see invisible (right hand)
 F - a ring of ice
 J - an amulet of regeneration (around neck)
 R - the ring of Moodiness {Fly Str+4}
   (You found it on level 7 of the Dungeon)

   [ring of flight]

   Str+4:     It affects your strength (+4).
   Fly:       It grants you flight.
Talismans
 N - the maw talisman of the End {+Blink rCorr}
   (You took it off Rupert on level 5 of the Lair of Beasts)

   [maw talisman]

   +Blink:    It lets you blink.
   rCorr:     It protects you from acid and corrosion.
Wands
 q - a wand of iceblast (25)
 t - a wand of flame (31)
 w - a wand of acid (9)
 A - a wand of mindburst (22)
 O - a wand of paralysis (18)
Scrolls
 h - 3 scrolls of fog
 k - 4 scrolls of immolation
 o - 2 scrolls of torment
 p - 4 scrolls of summoning
 x - 2 scrolls of acquirement
 z - 6 scrolls of teleportation
 B - a scroll of blinking
 M - a scroll of revelation
 T - a scroll of vulnerability {unknown}
Potions
 d - 2 potions of resistance
 e - 2 potions of cancellation
 m - 4 potions of curing
 D - 5 potions of enlightenment
 G - 2 potions of mutation
 H - 4 potions of berserk rage
 I - 4 potions of heal wounds
 K - a potion of invisibility
 P - a potion of might
 V - 2 potions of brilliance
Miscellaneous
 a - a phantom mirror
 Z - a lightning rod (4/4)


   Skills:
 + Level 1.4 Fighting
 + Level 3.2 Short Blades
 + Level 0.3(1.8) Long Blades
 + Level 0.1 Ranged Weapons
 + Level 1.8 Armour
 * Level 11.5 Dodging
 + Level 10.1 Stealth
 + Level 0.3 Shields
 + Level 1.0 Unarmed Combat
 + Level 13.3 Spellcasting
 * Level 10.5 Conjurations
 * Level 9.9 Necromancy
 * Level 6.5 Translocations
 + Level 5.0 Transmutations
 * Level 8.1 Air Magic
 * Level 13.2 Earth Magic
 * Level 5.2 Invocations


You had 5 spell levels left.
You knew the following spells:

 Your Spells              Type           Power      Damage    Failure   Level
a - Sandblast             Erth           100%       2d20      1%          1
b - Passwall              Tmut/Erth      58%        N/A       1%          2
c - Stone Arrow           Conj/Erth      100%       3d13      1%          3
d - Brom's Barrelling Bo  Conj/Erth      79%        2d9       1%          4
e - Petrify               Tmut/Erth      70%        N/A       1%          4
f - Iskenderun's Mystic   Conj/Tloc      51%        2d11      1%          4
g - Borgnjor's Vile Clut  Necr/Erth      39%        N/A       1%          5
k - Blink                 Tloc           86%        N/A       1%          2
s - Kiss of Death         Conj/Necr      100%       2d13      1%          1
u - Dispel Undead         Necr           55%        3d20      1%          4
w - Swiftness             Air            50%        N/A       1%          3
z - Shock                 Conj/Air       100%       1d9       1%          1

Your spell library contained the following spells:

 Spells                   Type           Power      Damage    Failure   Level
 Foxfire                  Conj/Fire      100%       2x1d9     1%          1
 Magic Dart               Conj           100%       1d8       1%          1
 Momentum Strike          Conj/Tloc      100%       3d10      1%          2
 Searing Ray              Conj           100%       2d8       1%          2
 Wereblood                Tmut           36%        N/A       1%          2
 Dazzling Flash           Conj/Hex       74%        N/A       1%          3
 Airstrike                Air            25%        2d(4-20)  1%          4
 Animate Dead             Necr           55%        N/A       1%          4
 Vhi's Electric Charge    Tloc/Air       92%        N/A       2%          4
 Agony                    Necr           55%        N/A       2%          5
 Iskenderun's Battlesphe  Conj           57%        2d11      2%          5
 Arcjolt                  Conj/Air       27%        1d37      3%          5
 Manifold Assault         Tloc           43%        N/A       4%          4
 Flame Wave               Conj/Fire      37%        2d10      7%          4
 Fulminant Prism          Conj/Hex       18%        3d10      7%          4
 Irradiate                Conj/Tmut      24%        3d19      7%          5
 Scorch                   Fire           28%        2d6       9%          2
 Dimensional Bullseye     Hex/Tloc       14%        N/A       16%         4
 Confusing Touch          Hex            14%        N/A       17%         3
 Frozen Ramparts          Ice            28%        1d5       17%         3
 Ozocubu's Armour         Ice            14%        N/A       17%         3
 Summon Guardian Golem    Hex/Summ       14%        N/A       17%         3
 Tukima's Dance           Hex            14%        N/A       17%         3
 Fireball                 Conj/Fire      18%        3d9       19%         5
 Silence                  Hex/Air        16%        N/A       30%         5
 Alistair's Intoxication  Tmut/Pois      16%        N/A       50%         5
 Metabolic Englaciation   Hex/Ice        7%         N/A       85%         5
 Summon Mana Viper        Hex/Summ       14%        N/A       85%         5
 Death Channel            Necr           27%        N/A       16%         6
 Conjure Ball Lightning   Conj/Air       27%        3x3d8     19%         6
 Orb of Destruction       Conj           28%        9d9       54%         7
 Starburst                Conj/Fire      18%        6d7       71%         6
 Plasma Beam              Fire/Air       16%        2x1d27    86%         6
 Eringya's Noxious Bog    Tmut/Pois      12%        4d6       97%         6
 Spellforged Servitor     Conj/Summ      18%        N/A       99%         7
 Summon Cactus Giant      Summ           7%         N/A       100%        6
 Haunt                    Necr/Summ      18%        N/A       100%        7
 Monstrous Menagerie      Summ           7%         N/A       100%        7
 Ozocubu's Refrigeration  Ice            7%         4d9       100%        7
 Summon Hydra             Summ           7%         N/A       100%        7
 Infestation              Necr           27%        N/A       100%        8
 Maxwell's Capacitive Co  Air            25%        ∞         100%        8


Dungeon Overview and Level Annotations

Branches:
Dungeon (11/15)            Temple (1/1) D:5            Lair (5/5) D:11
 Shoals (0/4) Lair:3       Spider (0/4) Lair:2        Slime (0/5) Lair:5
    Orc (2/2) D:10            Elf (0/3) Orc:2         Sewer (visited)
Gauntlet (visited)

Altars:
Ashenzari
Cheibriados
Dithmenos
Elyvilon
Fedhas
Gozag
Hepliaklqana
Kikubaaqudgha
Makhleb
Nemelex Xobeh
Okawaru
Qazlal
Ru
Sif Muna
Trog
Uskayaw
Vehumet
Wu Jian
Xom
Yredelemnul
Zin
The Shining One
Lugonu

Shops:
D:10 [   Orc:1 (   Orc:2 :[([

Portals:
Abyss: Lair:5


Message History

Casting: Stone Arrow (safe; 1% risk of failure)
Confirm with . or Enter, or press ? or * to list all spells.
Aiming: Stone Arrow (safe; 1% risk of failure)
Press: ? - help, Shift-Dir - straight line, f/p - Azrael
Aim: Azrael, wielding a +0 scimitar of flaming (moderately wounded, constricted by zombie hands, 100% to hit)
You feel a surge of power!
The stone arrow hits Azrael!
Azrael is heavily wounded.
The zombie hands constrict Azrael!
Azrael struggles to escape constriction.
The centaur warrior wields a +0 orcbow.
The centaur warrior shoots an arrow.
The arrow hits you!!
Unknown command.
Casting: Stone Arrow (safe; 1% risk of failure)
Confirm with . or Enter, or press ? or * to list all spells.
Aiming: Stone Arrow (safe; 1% risk of failure)
Press: ? - help, Shift-Dir - straight line, f/p - Azrael
Aim: Azrael, wielding a +0 scimitar of flaming (flame, severely wounded, constricted by zombie hands, 100% to hit)
You feel a surge of power!
The stone arrow hits Azrael!
Azrael is almost dead.
The zombie hands constrict Azrael.
Azrael's eyes look fiery.
Azrael struggles to escape constriction.
The centaur warrior shoots an arrow.
The arrow closely misses you.
Casting: Stone Arrow (safe; 1% risk of failure)
Confirm with . or Enter, or press ? or * to list all spells.
Aiming: Stone Arrow (safe; 1% risk of failure)
Press: ? - help, Shift-Dir - straight line, f/p - Azrael
Aim: Azrael, wielding a +0 scimitar of flaming (flame, almost dead, constricted by zombie hands, 100% to hit)
You feel a surge of power!
The stone arrow hits Azrael!
You kill Azrael!
Sif Muna accepts your kill.
The centaur warrior shoots an arrow.
The arrow hits you.
The centaur warrior shoots an arrow.
The arrow hits you!!
* * * LOW HITPOINT WARNING * * *
Casting: Stone Arrow (safe; 1% risk of failure)
Confirm with . or Enter, or press ? or * to list all spells.
You blink.
The centaur warrior shoots an arrow.
The arrow hits you!
* * * LOW HITPOINT WARNING * * *
The centaur warrior shoots an arrow.
The arrow hits you!
You die...

#..##..##...###...##..##..##...##
....).............[............#
...........................)..##
....))...............[.....[.##
...).)[)...................)..#
...))....c.<....$.............##
).)).)).......$.$..............#
......[.......§..........).[#.##
.)..))..........@...........###
#..)[.......................##
.<.[.......°........).).....<#
.........................##.##
.................##......####
#.................##..#.##
#.#......##........#...##
..........####.... ##...#
#........## ##.# ....#


You could see a centaur warrior.

Vanquished Creatures
  Gastronok (D:8)
  Azrael (Orc:2)
  Nessos (Lair:4)
  A minotaur (Gauntlet)
  Erolcha (Orc:1)
  5 hydras
  A catoblepas (Lair:5)
  A centaur warrior (Orc:2)
  A two-headed ogre (D:10)
  4 death yaks (Lair:4)
  3 thrashing horrors
  A fire crab (shapeshifter) (Lair:5)
  4 orc knights
  2 orc sorcerers (Orc:1)
  An ugly thing (D:10)
  A manticore (D:11)
  5 elephants
  4 black mambas
  Joseph (D:7)
  A gargoyle (D:11)
  8 cane toads
  Maggie (D:7)
  Psyche (D:8)
  Jeremiah (D:6)
  4 rime drakes
  6 komodo dragons
  3 polar bears (Lair:5)
  5 trolls
  A raiju (Lair:5)
  Prince Ribbit (D:7)
  21 blink frogs
  A snapping turtle (Lair:3)
  11 flying skulls (Gauntlet)
  34 yaks
  A spriggan (D:7)
  4 large abominations (Lair:5)
  2 water elementals
  The ghost of greenreed the Magician, an amateur DEEE (D:5)
  A wraith (D:11)
  A ynoxinul (Lair:5)
  A shadow (D:11)
  A wyvern (shapeshifter) (Lair:5)
  5 wyverns
  A vampire (D:10)
  2 fire elementals (Orc:2)
  4 basilisks
  3 vampire mosquitoes (D:11)
  Grum (Lair:1)
  3 wargs (Orc:1)
  3 chaos spawn (Lair:5)
  10 water moccasins
  A hell hound (Orc:2)
  An ice beast (D:5)
  13 small abominations
  A sky beast (D:6)
  33 orc warriors
  2 black bears
  7 wolves
  10 ogres
  10 centaurs
  Blork the orc (D:4)
  4 kobold brigands
  8 bullfrogs
  2 scorpions (D:5)
  4 gnoll sergeants
  6 wights
  9 killer bees (D:10)
  3 electric eels (D:11)
  3 howler monkeys
  3 jellies
  12 orc priests
  Crazy Yiuf (D:5)
  6 hounds
  Jessica (D:2)
  6 iguanas
  Natasha (thrice) (D:3)
  Ijyb (D:5)
  23 orc wizards
  6 adders
  23 gnolls
  A river rat (Sewer)
  2 worms
  A dart slug (D:1)
  72 orcs
  A ball python (D:2)
  4 endoplasms
  9 giant cockroaches
  9 goblins
  7 hobgoblins
  6 jackals
  6 quokkas
  4 bats
  2 frilled lizards (D:3)
  18 kobolds
  7 rats
  A boulder (Lair:1)
  A butterfly (Lair:1)
536 creatures vanquished.

Vanquished Creatures (collateral kills)
  Rupert (Lair:5)
  A death yak (Lair:4)
  A black mamba (Lair:5)
  27 boulders
30 creatures vanquished.

Vanquished Creatures (others)
  22 boulders
22 creatures vanquished.

Grand Total: 588 creatures vanquished

Notes
Turn   | Place    | Note
-------+----------+-------------------------------------------
     0 | D:1      | Ekaitz the Deep Elf Earth Elementalist began the quest for
                  | the Orb.
     0 | D:1      | Reached XP level 1. HP: 10/10 MP: 6/6
   161 | D:1      | Reached XP level 2. HP: 13/15 MP: 4/8
   164 | D:1      | Learned a level 2 spell: Passwall
   733 | D:1      | Reached XP level 3. HP: 19/19 MP: 6/9
   737 | D:1      | Learned a level 3 spell: Stone Arrow
   808 | D:2      | Reached skill level 1 in Conjurations
   948 | D:2      | Noticed Jessica
   955 | D:2      | Killed Jessica
   956 | D:2      | Reached XP level 4. HP: 24/24 MP: 8/11
  1363 | D:2      | Learned a level 4 spell: Brom's Barrelling Boulder
  1858 | D:3      | Found a broken altar of Ashenzari.
  1964 | D:3      | Found a faded altar of an unknown god.
  2207 | D:3      | Noticed Natasha
  2222 | D:3      | Killed Natasha
  2223 | D:3      | Reached XP level 5. HP: 28/28 MP: 7/13
  2395 | D:3      | Noticed Natasha
  2402 | D:3      | Killed Natasha
  2568 | D:3      | Noticed Natasha
  2602 | D:3      | Killed Natasha
  3103 | D:4      | Noticed an ogre
  3106 | D:4      | Killed an ogre
  3107 | D:4      | Reached XP level 6. HP: 32/32 MP: 7/14
  3281 | D:4      | Noticed Blork the orc
  3299 | D:4      | Killed Blork the orc
  3300 | D:4      | Reached skill level 1 in Short Blades
  3300 | D:4      | Reached skill level 5 in Earth Magic
  3306 | D:4      | Learned a level 4 spell: Petrify
  3615 | D:4      | Reached skill level 5 in Dodging
  3615 | D:4      | Reached XP level 7. HP: 37/37 MP: 11/16
  4015 | D:4      | Reached skill level 5 in Spellcasting
  4065 | D:5      | Identified the "Madalov"
  4065 | D:5      | Entered Level 5 of the Dungeon
  4312 | D:5      | Found a large runed translucent door.
  4312 | D:5      | Found a large runed translucent door.
  4356 | D:5      | Reached skill level 5 in Stealth
  4550 | D:5      | Noticed Ijyb
  4572 | D:5      | Killed Ijyb
  4577 | D:5      | Learned a level 1 spell: Kiss of Death
  4623 | D:5      | Found a runed translucent door.
  4624 | D:5      | Noticed Crazy Yiuf
  4629 | D:5      | Killed Crazy Yiuf
  4703 | D:5      | Reached XP level 8. HP: 42/42 MP: 14/18
  4768 | D:5      | Found a runed translucent gate.
  4768 | D:5      | Found a runed translucent gate.
  4769 | D:5      | Found a runed translucent gate.
  4770 | D:5      | Noticed greenreed's ghost (amateur DEEE)
  4890 | D:5      | Found a staircase to the Ecumenical Temple.
  4899 | Temple   | Entered the Ecumenical Temple
  4986 | Temple   | Became a worshipper of Sif Muna the Loreminder
  5166 | D:6      | Reached skill level 1 in Necromancy
  5178 | D:6      | Learned a level 1 spell: Shock
  5376 | D:6      | Found a glowing drain.
  5546 | Sewer    | Entered a sewer
  5620 | Sewer    | Reached * piety under Sif Muna
  5697 | Sewer    | Found a white marble altar of Elyvilon.
  5832 | D:6      | Reached skill level 1 in Air Magic
  5915 | D:6      | Reached skill level 1 in Fighting
  6348 | D:6      | Noticed Jeremiah
  6365 | D:6      | Killed Jeremiah
  6366 | D:6      | Reached XP level 9. HP: 47/47 MP: 15/21
  6788 | D:7      | Learned a level 3 spell: Swiftness
  6851 | D:7      | Noticed Maggie
  6860 | D:7      | Killed Maggie
  7166 | D:7      | Noticed Prince Ribbit
  7166 | D:7      | Noticed Joseph
  7179 | D:7      | Killed Joseph
  7187 | D:7      | Killed Prince Ribbit
  7188 | D:7      | Reached skill level 5 in Conjurations
  7347 | D:7      | Identified a scroll of acquirement
  7585 | D:7      | Found a glowing silver altar of Zin.
  7681 | D:7      | Reached ** piety under Sif Muna
  7696 | D:7      | Identified the ring of Moodiness {Fly Str+4}
  7864 | D:7      | Reached XP level 10. HP: 52/52 MP: 23/23
  8039 | D:5      | Killed greenreed's ghost
  8045 | D:5      | Reached skill level 1 in Unarmed Combat
  8189 | D:5      | Found a radiant altar of Vehumet.
  8231 | D:5      | Found an iron altar of Okawaru.
  8408 | D:8      | Noticed Gastronok
  8574 | D:8      | Learned a level 4 spell: Dispel Undead
  8719 | D:8      | Noticed Psyche
  8726 | D:8      | Killed Psyche
  8727 | D:8      | Reached skill level 5 in Necromancy
  9017 | D:8      | Killed Gastronok
  9184 | D:8      | Learned a level 2 spell: Blink
 10376 | D:10     | Entered Level 10 of the Dungeon
 10380 | D:10     | Reached *** piety under Sif Muna
 10459 | D:10     | Noticed a purple ugly thing
 10464 | D:10     | Killed a purple ugly thing
 10465 | D:10     | Reached skill level 1 in Translocations
 10553 | D:10     | Found a staircase to the Orcish Mines.
 10582 | D:10     | Reached XP level 11. HP: 25/56 MP: 16/25
 11077 | D:10     | Reached skill level 5 in Air Magic
 11160 | D:10     | Found Boenied's Armour Boutique.
 11209 | D:10     | Found a stormy altar of Qazlal.
 12290 | D:11     | Reached **** piety under Sif Muna
 12560 | D:11     | Found a staircase to the Lair.
 13125 | Lair:1   | Entered Level 1 of the Lair of Beasts
 13174 | Lair:1   | Noticed Grum
 13182 | Lair:1   | Killed Grum
 13499 | Lair:1   | Found a broken altar of Ashenzari.
 13685 | Lair:1   | Reached XP level 12. HP: 40/61 MP: 27/27
 13930 | Lair:1   | HP: 3/61 [poisoned by a black mamba]
 14210 | Gauntlet | Identified the "Xinazabb"
 14216 | Lair:1   | Reached skill level 10 in Earth Magic
 14271 | Lair:2   | Noticed a seven-headed hydra
 14461 | Lair:2   | Found a gate leading to a gauntlet.
 14475 | Lair:2   | Noticed a four-headed hydra
 14484 | Lair:2   | Killed a four-headed hydra
 14485 | Lair:2   | Reached skill level 10 in Spellcasting
 14516 | Gauntlet | Entered a Gauntlet
 14516 | Gauntlet | Found a transporter.
 14516 | Gauntlet | Found a transporter.
 14552 | Gauntlet | Found a transporter.
 14554 | Gauntlet | Found a large runed translucent door.
 14555 | Gauntlet | Found a large runed translucent door.
 14556 | Gauntlet | Found a large runed translucent door.
 14556 | Gauntlet | Found a large runed translucent door.
 14556 | Gauntlet | Found a runed translucent door.
 14556 | Gauntlet | Found a runed translucent door.
 14557 | Gauntlet | Found a large runed translucent door.
 14558 | Gauntlet | Found a large runed translucent door.
 14559 | Gauntlet | Found a large runed translucent door.
 14559 | Gauntlet | Found a large runed translucent door.
 14560 | Gauntlet | Found a runed translucent gate.
 14560 | Gauntlet | Found a runed translucent gate.
 14560 | Gauntlet | Found a runed translucent gate.
 14562 | Gauntlet | Found a transporter.
 14571 | Gauntlet | Found a large runed translucent door.
 14571 | Gauntlet | Found a large runed translucent door.
 14572 | Gauntlet | Found a large runed translucent door.
 14573 | Gauntlet | Found a large runed translucent door.
 14577 | Gauntlet | Found a transporter.
 14593 | Gauntlet | Found a transporter.
 14602 | Gauntlet | Found a transporter.
 14608 | Gauntlet | Found a transporter.
 14622 | Gauntlet | Found a transporter.
 14625 | Gauntlet | Found a transporter.
 14629 | Gauntlet | Found a transporter.
 14629 | Gauntlet | Found a transporter.
 14715 | Gauntlet | Found a large runed translucent door.
 14716 | Gauntlet | Found a large runed translucent door.
 14717 | Gauntlet | Found a large runed translucent door.
 14717 | Gauntlet | Found a large runed translucent door.
 14752 | Gauntlet | Learned a level 4 spell: Iskenderun's Mystic Blast
 14763 | Gauntlet | Identified the ring of Rumner {Ice Int-4 Dex+3 Slay+3}
 14971 | Gauntlet | HP: 3/61 [flying skull (5)]
 14984 | Gauntlet | Identified the ring "Toihos" {Contam rElec Str+4 Dex+6}
 15233 | Gauntlet | Noticed a minotaur
 15278 | Gauntlet | Killed a minotaur
 15494 | Lair:2   | Reached skill level 10 in Dodging
 15722 | Lair:2   | Killed a seven-headed hydra
 16103 | Lair:2   | Found a hole to the Spider Nest.
 16579 | Lair:3   | Reached skill level 1 in Invocations
 17160 | Lair:3   | Found a staircase to the Shoals.
 17504 | Lair:4   | Noticed a seven-headed hydra
 17525 | Lair:4   | Noticed a death yak
 17525 | Lair:4   | Noticed a death yak
 17525 | Lair:4   | Noticed a death yak
 17525 | Lair:4   | Noticed a death yak
 17526 | Lair:4   | Noticed a death yak
 17719 | Lair:4   | Reached skill level 5 in Translocations
 17719 | Lair:4   | Reached XP level 13. HP: 59/65 MP: 8/29
 18575 | Lair:4   | Noticed Nessos
 18608 | Lair:4   | Killed Nessos
 18834 | Lair:4   | Learned a level 5 spell: Borgnjor's Vile Clutch
 19065 | Lair:5   | Entered Level 5 of the Lair of Beasts
 19407 | Lair:5   | Identified the maw talisman of the End {+Blink rCorr}
 19407 | Lair:5   | Noticed Rupert
 19417 | Lair:5   | Killed Rupert
 19418 | Lair:5   | Reached skill level 1 in Armour
 19519 | Lair:5   | Reached skill level 10 in Stealth
 19909 | Lair:5   | Identified the +0 pair of gloves "Wunio" {Rampage rElec}
 19974 | Lair:5   | Identified the +2 scale mail "Sabihior" {Will++}
 20150 | Lair:5   | Reached ***** piety under Sif Muna
 20203 | Lair:5   | Found a staircase to the Slime Pits.
 20601 | Lair:5   | Identified the +0 ring mail of the Shining One's Fury
                  | {Harm}
 20619 | Lair:5   | Reached skill level 10 in Conjurations
 20947 | Lair:5   | Reached XP level 14. HP: 70/70 MP: 32/32
 21445 | Lair:5   | Found a corrupted altar of Lugonu.
 21445 | Lair:5   | Found a one-way gate to the infinite horrors of the Abyss.
 21700 | Orc:1    | Entered Level 1 of the Orcish Mines
 22385 | Orc:1    | Identified the "Xiosouh" (Sif Muna gifted it to you on
                  | level 1 of the Orcish Mines)
 22385 | Orc:1    | Received a gift from Sif Muna
 22428 | Orc:1    | Found Gouptein's Weapon Shoppe.
 22679 | Orc:1    | Noticed Erolcha
 22690 | Orc:1    | Killed Erolcha
 22897 | Orc:2    | Entered Level 2 of the Orcish Mines
 23378 | Orc:2    | Reached skill level 5 in Invocations
 23494 | Orc:2    | Found a staircase to the Elven Halls.
 23498 | Orc:2    | Reached skill level 5 in Transmutations
 23856 | Orc:2    | Found Tolagoda's Armour Boutique.
 23856 | Orc:2    | Found Zibleim's Antique Weapon Emporium.
 23858 | Orc:2    | Found Geegaghu's Antique Armour Shoppe.
 23860 | Orc:2    | Found Tubush's Book Shop.
 24179 | Orc:2    | Noticed Azrael
 24295 | Orc:2    | Killed Azrael
 24297 | Orc:2    | HP: 1/70 [centaur warrior/arrow (10)]
 24297 | Orc:2    | Shot with an arrow by a centaur warrior

Illustrated notes

Levels and vault maps discovered:
D:1:      scummos_arrival_simple_crosswalls, layout_basic
D:2:      layout_basic, uniq_jessica
D:3:      minmay_door_path, layout_rooms, evilmike_ruin_ashenzari,
          basic_ecumenical_altar, minmay_crystal_room, uniq_natasha
D:4:      layout_basic, nrook_uturn, hex_tiny, uniq_blork_the_orc
D:5:      layout_rooms, jmf_multi_god_temple2, temple_hall,
          gammafunk_ghost_split, uniq_crazy_yiuf_cottage, uniq_ijyb
D:6:      layout_basic, gup_sewer_entry_pipe, minmay_misc_feat_rows,
          uniq_jeremiah
D:7:      layout_gridville, mainiacjoe_overflow_catwalk, minmay_misc_feat_x,
          the_hattery, uniq_maggie, uniq_prince_ribbit1, uniq_joseph
D:8:      layout_loops_cross, uniq_psyche, uniq_gastronok
D:9:      layout_irregular_city
D:10:     layout_rooms, grunt_qazlal_clouds,
          kennysheep_orc_monster_closet_entryway, serial_shops, shop
D:11:     layout_cave_pools, erik_lair_island
Temple:   minmay_crystal_spiral_temple
Lair:1:   layout_cave_shapes, basic_altar, st_stairs_8, lemuel_fruit_fields,
          uniq_grum
Lair:2:   layout_regular_city, dummy_spider_entry, gauntlet_entry_generic,
          grunt_megastairs_2, lemuel_fruit_tree
Lair:3:   layout_regular_city, minmay_shoals_entry_hut
Lair:4:   layout_roguey, uniq_nessos
Lair:5:   hellmonk_lair_end_abyssal_woods, layout_cave_shapes, slime_entry_1,
          grunt_megastairs_5, uniq_rupert
Orc:1:    layout_caves, serial_shops, nicolae_shop_crystal, lemuel_statue_altar,
          uniq_erolcha
Orc:2:    st_orc_rangers, layout_caves, basic_altar, minmay_orc_temple_b,
          uniq_azrael

Skill      XL: |  1  2  3  4  5  6  7  8  9 10 11 12 13 14 |
---------------+-------------------------------------------+-----
Dodging        | 3 4 5 6 7 8 9 10 11 | 11.5
Conjurations   | 1 2 4 5 6 8 10 | 10.5
Stealth        | 3 4 5 6 7 8 9 10 | 10.1
Spellcasting   | 4 5 6 7 8 9 10 12 13 | 13.3
Earth Magic    | 4 5 6 7 8 9 11 12 13 | 13.2
Short Blades   | 1 2 3 |  3.2
Transmutations | 2 4 5 |  5.0
Necromancy     | 3 4 5 7 8 9 |  9.9
Air Magic      | 2 3 4 5 6 7 8 |  8.1
Fighting       | 1 |  1.4
Unarmed Combat | 1 |  1.0
Translocations | 1 3 5 6 |  6.5
Invocations    | 1 3 5 |  5.2
Armour         | 1 |  1.8
Long Blades    | |  0.3
Ranged Weapons | |  0.1
Shields        | |  0.3

Action                     |  1- 3 |  4- 6 |  7- 9 | 10-12 | 13-15 || total
---------------------------+-------+-------+-------+-------+-------++-------
  Melee: Quarterstaff      |     6 |       |       |       |       ||     6
         Dagger            |     6 |    60 |    88 |   157 |    45 ||   356
         Punch             |       |     2 |       |     6 |     2 ||    10
         Unarmed           |       |       |    12 |       |       ||    12
         Scimitar          |       |       |       |     8 |    29 ||    37
         Staff             |       |       |       |       |     3 ||     3
   Fire: Longbow           |       |       |       |       |     3 ||     3
  Throw: Dart              |       |     3 |       |       |       ||     3
   Cast: Sandblast         |    30 |    30 |     5 |       |     2 ||    67
         Passwall          |     6 |    19 |    22 |    24 |     3 ||    74
         Stone Arrow       |     1 |    19 |    57 |   224 |   226 ||   527
         Petrify           |       |       |     3 |    39 |    37 ||    79
         Shock             |       |       |    38 |    75 |    17 ||   130
         Brom's Barrelling |       |       |     1 |    39 |    34 ||    74
         Swiftness         |       |       |       |     2 |       ||     2
         Dispel Undead     |       |       |       |    22 |     4 ||    26
         Blink             |       |       |       |    10 |     8 ||    18
         Iskenderun's Myst |       |       |       |     3 |    25 ||    28
         Borgnjor's Vile C |       |       |       |       |    62 ||    62
 Invoke: Channel Magic     |       |       |       |       |     7 ||     7
  Evoke: Wand              |       |       |       |     2 |       ||     2
    Use: Scroll            |       |       |     8 |    15 |     4 ||    27
         Potion            |       |       |     1 |     6 |     2 ||     9
   Stab: Sleeping          |     5 |    19 |    33 |    27 |     1 ||    85
         Petrified         |       |       |     2 |    49 |    32 ||    83
         Petrifying        |       |       |       |     1 |     2 ||     3
         Invisible         |       |       |       |     1 |       ||     1
 Armour: Robe              |    11 |    31 |    29 |    94 |       ||   165
         Skin              |       |       |     5 |     4 |       ||     9
         Animal skin       |       |       |       |    62 |       ||    62
         Troll leather arm |       |       |       |    48 |   200 ||   248
  Dodge: Dodged            |    17 |    31 |    59 |   279 |   275 ||   661

Table legend: (Time is in decaauts)
 A = Elapsed time spent in this place.
 B = Non-inter-level travel time spent in this place.
 C = Inter-level travel time spent in this place.
 D = Time resting spent in this place.
 E = Time spent auto-exploring this place.
 F = Levels seen in this place.
 G = Mean time per level.
                   A        B        C        D        E       F      G
               +--------+--------+--------+--------+--------+-----+--------+
         Total |  24351 |  22896 |   1455 |   4389 |  12849 |  21 | 1159.6 |
       Dungeon |  13470 |  12526 |    944 |   1936 |   7693 |  11 | 1224.5 |
        Temple |    174 |      1 |    173 |      0 |      0 |   1 |  174.0 |
          Lair |   7576 |   7293 |    283 |   1397 |   4156 |   5 | 1515.2 |
  Orcish Mines |   1955 |   1902 |     53 |    546 |    854 |   2 |  977.5 |
         Sewer |    244 |    244 |      0 |     44 |    112 |   1 |  244.0 |
      Gauntlet |    930 |    930 |      0 |    466 |     33 |   1 |  930.0 |
               +--------+--------+--------+--------+--------+-----+--------+

Top non-repeatable levels by time:
  Lair:5: 2533 daAuts
    D:10: 2146 daAuts
  Lair:4: 1648 daAuts
     D:6: 1478 daAuts
     D:4: 1474 daAuts
     D:7: 1339 daAuts
  Lair:1: 1275 daAuts
     D:9: 1220 daAuts
  Lair:2: 1182 daAuts
     D:5: 1104 daAuts
   Orc:2: 1056 daAuts
    D:11: 1018 daAuts
     D:8: 986 daAuts
  Lair:3: 937 daAuts
Gauntlet: 930 daAuts
